 Dungeon Crawl Stone Soup version 0.30-a0-760-g5a9884bb7c (webtiles) character file.

Game seed: 16875663890707150230

262 boo the Slasher (level 5, -6/47 HPs)
             Began as a Minotaur Fighter on Feb 11, 2023.
             Mangled by a mummy (10 damage)
             ... in an ossuary.
             The game lasted 00:02:57 (2319 turns).

boo the Slasher (Minotaur Fighter)                  Turns: 2319, Time: 00:02:58

Health: -6/47      AC:  7    Str: 23    XL:     5   Next: 97%
Magic:  4/4        EV:  9    Int:  5    God:
Gold:   101        SH:  4    Dex:  9    Spells: 4/4 levels left

rFire   + . .      SeeInvis .    a - +0 long sword
rCold   + . .      Faith    .    c - +0 buckler
rNeg    . . .      Spirit   .    b - +0 scale mail
rPois   .          Reflect  .    (helmet restricted)
rElec   .          Harm     .    (no cloak)
rCorr   .          Rampage  .    (no gloves)
Will    .....                    (no boots) Stlth
                                 (no amulet)
HPRegen 0.27/turn                g - ring of Lust {rF+ rC+}
MPRegen 0.09/turn                (no ring)

@: marked
A: horns 2, retaliatory headbutt
a: no special abilities


You were in an ossuary.
You visited 1 branch of the dungeon, and saw 4 of its levels.
You also visited: Ossuary.

You collected 101 gold pieces.

Inventory:

Hand Weapons
 a - a +0 long sword (weapon)
Armour
 b - a +0 scale mail (worn)
 c - a +0 buckler (worn)
Jewellery
 g - the ring of Lust (left hand) {rF+ rC+}
   (You acquired it on level 4 of the Dungeon)

   [ring of protection from cold]

   rF:        It protects you from fire.
   rC:        It protects you from cold.
Potions
 d - a potion of might
 e - a potion of curing {unknown}
 f - 2 potions of heal wounds {unknown}
 i - a potion of ambrosia {unknown}
 j - a potion of invisibility {unknown}
 n - a potion of mutation {unknown}
 o - a potion of magic {unknown}


   Skills:
 + Level 4.9 Fighting
 * Level 5.1 Long Blades
 + Level 4.7 Armour
 + Level 4.8 Shields


You had 4 spell levels left.
You didn't know any spells.
Your spell library contained the following spells:

 Spells                   Type           Power      Damage    Failure   Level
 Beastly Appendage        Tmut           0%         N/A       86%         1
 Wereblood                Tmut           0%         N/A       94%         2
 Spider Form              Tmut/Pois      0%         N/A       99%         3


Dungeon Overview and Level Annotations

Branches:
Dungeon (4/15)             Temple (0/1) D:4         Ossuary (1/1)

Altars:


Innate Abilities, Weirdness & Mutations

You have a pair of horns on your head.
You reflexively headbutt those who attack you in melee.


Message History

You hit the mummy.
The mummy is moderately damaged.
You hit the mummy. You headbutt the mummy!
The mummy is almost destroyed.
The mummy barely misses you.
You hit the mummy.
You destroy the mummy!
You hit the mummy but do no damage. You headbutt the mummy!
The mummy is heavily damaged.
The mummy hits you!
You are too injured to fight recklessly!
You are too injured to fight recklessly!
You are too injured to fight recklessly!
You are too injured to fight recklessly!
You hit the mummy. Your headbutt misses the mummy.
The mummy is heavily damaged.
You hit the mummy but do no damage.
The mummy is heavily damaged.
The mummy hits you!
* * * LOW HITPOINT WARNING * * *
You hit the mummy.
The mummy is severely damaged.
You block the mummy's attack.
You hit the mummy but do no damage.
The mummy is severely damaged.
You completely miss the mummy.
You headbutt the mummy, but do no damage.
The mummy is severely damaged.
The mummy barely misses you.
You hit the mummy. You headbutt the mummy.
You destroy the mummy!
You barely miss the mummy. You slash the mummy!
The mummy is heavily damaged.
The mummy hits you.
* * * LOW HITPOINT WARNING * * *
You closely miss the mummy.
The mummy is heavily damaged.
The mummy hits you!
You die...

### ###.### ???.?
##### ..? #?.?#
#M# #.!!# #@#
##.## ###'###
#.### ##.....##
##.'.#
##.......###..###
#..^......#...'.#
+....⌠...^'...###
#.........#...'.#
##.......###..###
##.....## ##.'.#


You could see a mummy.

Vanquished Creatures
  A centaur zombie (Ossuary)
  A jelly (D:4)
  An orc priest (D:3)
  Terence (D:3)
  3 mummies (Ossuary)
  4 adders
  7 orcs
  4 ball pythons
  7 endoplasms
  A giant cockroach (D:3)
  6 goblins
  6 hobgoblins
  4 jackals (D:1)
  7 kobolds
  2 quokkas
  4 bats
  2 frilled lizards
  A gnoll zombie (Ossuary)
  2 hobgoblin zombies (Ossuary)
  3 rats
67 creatures vanquished.

Notes
Turn   | Place    | Note
-------+----------+-------------------------------------------
     0 | D:1      | boo the Minotaur Fighter began the quest for the Orb.
     0 | D:1      | Reached XP level 1. HP: 19/19 MP: 0/0
    38 | D:1      | Reached XP level 2. HP: 14/27 MP: 1/1
   241 | D:1      | Reached skill level 3 in Long Blades
   632 | D:2      | Reached XP level 3. HP: 33/33 MP: 2/2
  1172 | D:3      | Reached skill level 4 in Long Blades
  1172 | D:3      | Reached XP level 4. HP: 23/41 MP: 3/3
  1492 | D:3      | Noticed Terence
  1499 | D:3      | Killed Terence
  1792 | D:4      | Identified a scroll of acquirement
  1794 | D:4      | Acquired the ring of Lust {rF+ rC+}
  1843 | D:4      | Reached XP level 5. HP: 41/47 MP: 4/4
  1914 | D:4      | Found a staircase to the Ecumenical Temple.
  2092 | D:4      | Found a sand-covered staircase.
  2097 | Ossuary  | Entered an ossuary
  2270 | Ossuary  | Reached skill level 5 in Long Blades
  2319 | Ossuary  | Mangled by a mummy

Illustrated notes

Levels and vault maps discovered:
D:1:      ebering_trefoil_twist, layout_basic
D:2:      layout_loops_ring
D:3:      layout_basic, uniq_terence
D:4:      layout_basic, nicolae_qazlal_scattered_showers,
          minmay_temple_entry_ruins, gup_sewer_entry_glass, enter_ossuary_5,
          uniq_crazy_yiuf_cottage
Ossuary:  ossuary_crypta

Skill      XL: |  1  2  3  4  5 |
---------------+----------------+-----
Long Blades    | 3 4 5 |  5.1
Armour         | 4 |  4.7
Shields        | 4 |  4.8
Fighting       | 4 |  4.9

Action                     |  1- 3 |  4- 6 || total
---------------------------+-------+-------++-------
  Melee: Long sword        |    78 |    93 ||   171
         Headbutt          |    10 |    13 ||    23
    Use: Scroll            |       |     5 ||     5
 Armour: Scale mail        |    47 |    38 ||    85
  Dodge: Dodged            |    46 |    29 ||    75
  Block: Buckler           |    24 |    18 ||    42

Table legend: (Time is in decaauts)
 A = Elapsed time spent in this place.
 B = Non-inter-level travel time spent in this place.
 C = Inter-level travel time spent in this place.
 D = Time resting spent in this place.
 E = Time spent auto-exploring this place.
 F = Levels seen in this place.
 G = Mean time per level.
                   A        B        C        D        E       F      G
               +--------+--------+--------+--------+--------+-----+--------+
         Total |   2356 |   2311 |     45 |    466 |   1377 |   5 |  471.2 |
       Dungeon |   2128 |   2083 |     45 |    377 |   1294 |   4 |  532.0 |
       Ossuary |    227 |    227 |      0 |     89 |     83 |   1 |  227.0 |
               +--------+--------+--------+--------+--------+-----+--------+

Top non-repeatable levels by time:
     D:3: 988 daAuts
     D:1: 625 daAuts
     D:4: 315 daAuts
 Ossuary: 227 daAuts
     D:2: 200 daAuts
